Map: Orbital Shipyard (3.1.0 Balance v1.1)

Players

lesha - Winner!

  • Race: Terran Terran
  • League: Silver

StranaOz

  • Race: Zerg Zerg
  • League: Gold

VOD

Have the link to the VOD?

Description

Time

  • Played on: Dec. 30, 2015, 4:43 a.m.
  • Length: 10:02
Show
View Real Time Build Order
Export as new Build Order

lesha Terran - Winner!

Build Orders: Reaper Expand, MMM Bio 

Get SALT Encoding   

  12  0:01  SCV  
  13  0:13  SCV  
  14  0:18  Supply Depot  
  14  0:25  SCV  
  15  0:39  SCV  
  15  0:40  Barracks  
  16  0:47  Refinery  
  16  0:51  SCV  
  17  1:03  SCV  
  18  1:16  SCV  
  19  1:29  Orbital Command  
  19  1:31  Reaper  
  20  1:42  Command Center  
  20  1:54  Supply Depot  
  20  1:57  SCV  
  21  2:05  Refinery  
  21  2:09  SCV  
  21  2:13  Barracks Reactor  
  22  2:21  SCV  
  23  2:28  Factory  
  23  2:33  SCV  
  23  2:51  SCV  
  24  3:04  SCV, Barracks  
  25  3:06  Barracks  
  25  3:07  Marine x2  
  27  3:13  Supply Depot  
  27  3:14  Supply Depot  
  27  3:15  Orbital Command  
  27  3:18  SCV  
  28  3:22  Factory Reactor  
  28  3:30  SCV  
  28  3:31  Starport  
  29  3:36  Marine  
  29  3:37  Marine  
  32  3:41  SCV  
  32  3:42  SCV  
  33  3:53  SCV, Barracks Tech Lab  
  33  3:54  SCV, Barracks Reactor  
  35  3:56  Marine x2  
  37  4:05  SCV  
  37  4:06  SCV  
  39  4:13  Marine  
  39  4:14  Factory Tech Lab, Marine  
  39  4:15  Stimpack  
  41  4:22  Marine  
  42  4:31  Marine  
  42  4:33  Marine x3  
  42  4:38  Medivac  
  48  4:40  Marine  
  49  4:49  Command Center  
  49  4:51  Barracks  
  49  4:54  Supply Depot, Engineering Bay  
  49  4:55  SCV x2  
  49  4:57  Supply Depot  
  49  4:58  Marine x2  
  53  5:03  Medivac  
  55  5:09  Marine x3  
  55  5:13  Medivac  
  60  5:16  Marine  
  61  5:28  SCV x2, Refinery  
  62  5:30  Refinery  
  63  5:38  Marine x4  
  63  5:39  Barracks Reactor  
  63  5:40  SCV x2  
  63  5:42  Marauder  
  71  5:56  SCV x2  
  73  6:03  Siege Tank  
  76  6:04  Marine  
  76  6:05  Marine x3  
  76  6:06  Marauder  
  76  6:08  SCV x2  
  76  6:09  Medivac  
  86  6:21  Marine x2  
  86  6:22  Marine x2, Orbital Command  
  90  6:31  Terran Infantry Weapons Level 1  
  90  6:35  Supply Depot  
  90  6:37  Supply Depot  
  84  6:56  Marine  
  84  6:57  Marine x6  
  84  7:00  Supply Depot  
  79  7:14  Marine x2  
  79  7:15  Marine x5  
  85  7:22  Medivac x2  
  90  7:27  Orbital Command  
  90  7:32  Marine x3  
  90  7:33  Marine x3  
  90  7:34  Marine  
  97  7:44  Engineering Bay  
  97  7:46  Armory  
  97  7:50  Marine x3  
  100  7:52  Medivac  
  100  7:54  Combat Shields, Barracks  
  100  7:56  Barracks  
  100  7:57  SCV x3, Barracks  
  105  8:09  SCV x2  
  107  8:14  Missile Turret x2  
  107  8:19  Missile Turret  
  107  8:20  Missile Turret  
  107  8:21  Missile Turret, Marine  
  107  8:22  Marine x2  
  107  8:23  Missile Turret  
  107  8:24  Missile Turret  
  80  8:58  Marine x3  
  80  8:59  Marine x3  
  80  9:01  Marine  
  87  9:16  Marine x4  
  87  9:17  Marine  
  91  9:19  Marine  
  84  9:34  Marine x4  
  84  9:35  Marine  
  84  9:37  Marine  
Show
View Real Time Build Order
Export as new Build Order

StranaOz Zerg 

Build Orders: Hatch First 

Get SALT Encoding   

  12  0:01  Drone  
  13  0:13  Overlord  
  13  0:23  Drone  
  14  0:47  Hatchery, Drone  
  14  1:04  Spawning Pool  
  14  1:06  Drone  
  14  1:11  Drone  
  14  1:16  Drone  
  16  1:24  Drone  
  17  1:30  Extractor  
  17  1:32  Drone  
  17  1:41  Overlord  
  17  1:51  Zergling x2  
  17  1:53  Queen  
  20  1:59  Queen  
  20  2:00  Zergling x2  
  23  2:03  Drone  
  24  2:14  Drone x2  
  26  2:21  Drone  
  26  2:22  Drone  
  28  2:34  Lair  
  28  2:39  Drone x2  
  30  2:53  Drone x3  
  33  3:01  Extractor  
  32  3:06  Roach Warren  
  32  3:11  Drone x4  
  32  3:12  Drone  
  36  3:47  Hatchery  
  35  3:50  Drone  
  35  3:52  Overlord x4  
  36  4:01  Evolution Chamber  
  35  4:02  Evolution Chamber  
  35  4:07  Queen  
  36  4:16  Drone x5  
  36  4:17  Drone x3  
  43  4:21  Extractor  
  43  4:23  Extractor  
  42  4:29  Spore Crawler  
  41  4:36  Roach x3  
  47  4:46  Spire  
  47  4:49  Zerg Ground Armor Level 1  
  46  4:53  Drone x2  
  46  4:54  Drone  
  49  5:06  Zerg Missile Weapons Level 1  
  49  5:12  Drone  
  49  5:13  Drone x5  
  49  5:14  Drone x2  
  57  5:30  Roach x5  
  67  5:56  Drone  
  67  5:57  Drone x2  
  70  5:58  Drone x4  
  70  6:01  Overlord x2  
  70  6:02  Overlord x3  
  74  6:09  Infestation Pit  
  73  6:12  Overlord x3  
  73  6:27  Glial Reconstitution  
  70  6:49  Roach  
  70  6:50  Roach x5  
  70  6:51  Roach x7  
  80  7:20  Queen  
  80  7:21  Mutalisk x2  
  80  7:22  Mutalisk x5, Spore Crawler  
  89  7:26  Zergling x4  
  97  7:33  Zerg Melee Weapons Level 1  
  97  7:36  Drone x4  
  102  7:37  Drone  
  102  7:42  Extractor  
  102  7:43  Extractor  
  100  8:11  Roach x2  
  100  8:12  Roach x6  
  118  8:13  Roach  
  118  8:24  Ravager  
  118  8:25  Ravager x2  
  72  8:54  Roach  
  72  8:55  Zergling x6  
  62  8:56  Roach x7  
  62  8:57  Roach x2  
  58  9:35  Zergling x2  
  58  9:36  Mutalisk, Zergling x12  
  58  9:37  Roach  
  60  9:38  Zergling x2  
Tags
 
Add a new tag
Caveats
  • Supply blocks, unpowered buildings, or Contaminate may cause inaccurate times.
  • Supply counts are checked every 10 seconds.